 Dungeon Crawl Stone Soup version 0.24.0-123-gd5b16e6ec5 (webtiles) character file.

Game seed: 15821215041054343953, levelgen mode: deterministic

110331 SeryemCrawl the Thaumaturge (level 16, -17/186 HPs)
             Began as a Gnoll Wizard on Jan 8, 2020.
             Was a High Priest of Ashenzari.
             Killed from afar by a thorn hunter (19 damage)
             ... with a volley of thorns
             ... on level 4 of the Swamp on Jan 9, 2020.
             The game lasted 03:18:03 (38868 turns).

SeryemCrawl the Thaumaturge (Gnoll Wizard)         Turns: 38868, Time: 03:18:04

Health: -17/186    AC: 28    Str:  9    XL:     16   Next: 54%
Magic:  22/32      EV:  2    Int: 22    God:    Ashenzari [*****.]
Gold:   2056       SH: 18    Dex: 15    Spells: 2/40 levels left

rFire    + + .     SeeInvis +   M - +8 dagger of Disembowelment {pain, rF++ rN+ Str-5 SInv} (curse)
rCold    . . .     Gourm    .   m - +0 shield (curse)
rNeg     + + +     Faith    .   (armour currently unavailable)
rPois    +         Spirit   .   (helmet currently unavailable)
rElec    .         Reflect  +   (cloak currently unavailable)
rCorr    .         Harm     .   (gloves currently unavailable)
MR       +....     Clarity  +   (boots currently unavailable) Stlth +++++.....NoTele +
                                I - +6 amulet of reflection (curse)
HPRegen  0.41/turn              n - ring of wizardry (curse)
MPRegen  0.23/turn              p - ring of wizardry

@: tree-form, berserk cooldown, slowed, very slow
A: distributed training, strong nose
a: Curse Item, Scrying, Renounce Religion


You were on level 4 of the Swamp.
You worshipped Ashenzari.
Ashenzari was extremely pleased with you.
You were not hungry.
You were a tree.
You visited 4 branches of the dungeon, and saw 26 of its levels.
You also visited: Volcano.

You collected 2056 gold pieces.

Inventory:

Hand Weapons
 M - the cursed +8 dagger of Disembowelment (weapon) {pain, rF++ rN+ Str-5 SInv}
   (You found it on level 9 of the Dungeon)

   In the hands of one skilled in necromantic magic, it inflicts extra damage on
   living creatures.
   It affects your strength (-5).
   It greatly protects you from fire.
   It protects you from negative energy.
   It lets you see invisible.
   It has a curse placed upon it.
Armour
 e - a cursed +2 ring mail of fire resistance (melded)
 m - a cursed +0 shield (worn)
 o - a +3 leather armour
 u - +0 steam dragon scales
 v - a +1 pair of gloves (melded)
 w - the cursed +3 helmet of the Runes (melded) {rN+ MR+ Dex+3}
   (You found it on level 5 of the Dungeon)

   It affects your dexterity (+3).
   It protects you from negative energy.
   It affects your resistance to hostile enchantments.
   It has a curse placed upon it.
 y - a +0 cloak (melded)
 D - a +3 leather armour of cold resistance
 Q - a cursed +1 pair of boots (melded)
Jewellery
 c - an uncursed amulet of the acrobat
 i - an uncursed ring of protection from magic
 n - a cursed ring of wizardry (left branch)
 p - a ring of wizardry (right branch)
 r - an uncursed ring of protection from fire
 t - an uncursed ring of protection from cold
 I - a cursed +6 amulet of reflection (around neck)
 W - an uncursed ring of stealth
 Z - an uncursed ring of resist corrosion
Wands
 b - a wand of scattershot (7)
 j - a wand of paralysis (5)
 q - a wand of random effects (30)
 s - a wand of polymorph (2)
 A - a wand of iceblast (16)
 E - a wand of enslavement (7)
 H - a wand of acid (16)
 K - a wand of clouds (17)
Scrolls
 g - 3 scrolls of remove curse
 k - 2 scrolls of fear
 C - a scroll of amnesia
 G - 2 scrolls of holy word
 O - a scroll of blinking
 T - a scroll of teleportation
 V - 3 scrolls of magic mapping
 X - a scroll of acquirement
 Y - 4 scrolls of identify
Potions
 a - 3 potions of cancellation
 f - 2 potions of ambrosia
 h - 10 potions of curing
 l - 4 potions of brilliance
 x - 2 potions of flight
 z - 3 potions of haste
 B - 2 potions of berserk rage
 F - 5 potions of might
 J - 3 potions of magic
 L - 4 potions of lignification
 P - a potion of resistance
 S - 2 potions of agility
 U - 3 potions of invisibility
Miscellaneous
 N - a lamp of fire
Comestibles
 d - 27 rations


   Skills:
 + Level 10.7 Fighting
 + Level 10.7(14.4) Short Blades
 + Level 10.7 Long Blades
 + Level 10.7 Axes
 + Level 10.7 Maces & Flails
 + Level 10.7 Polearms
 + Level 10.7 Staves
 + Level 10.7 Slings
 + Level 10.7 Bows
 + Level 10.7 Crossbows
 + Level 10.7 Throwing
 + Level 10.7(13.1) Armour
 + Level 11.5(13.9) Dodging
 + Level 11.4 Stealth
 + Level 10.7(13.1) Shields
 + Level 10.7 Unarmed Combat
 + Level 12.5 Spellcasting
 + Level 9.3(11.9) Conjurations
 + Level 9.1(11.6) Hexes
 + Level 9.1(11.6) Charms
 + Level 9.3(11.9) Summonings
 + Level 9.1(11.6) Necromancy
 + Level 9.3(11.9) Translocations
 + Level 9.1(11.6) Transmutations
 + Level 9.1(11.6) Fire Magic
 + Level 9.1(11.6) Ice Magic
 + Level 9.1(11.6) Air Magic
 + Level 9.1(11.6) Earth Magic
 + Level 9.1(11.6) Poison Magic
 + Level 11.6 Invocations
 + Level 10.7(13.1) Evocations


You had 2 spell levels left.
You knew the following spells:

 Your Spells              Type           Power        Failure   Level  Hunger
a - Shadow Creatures      Summ           N/A          1%          6    #####..
b - Iron Shot             Conj/Erth      ######....   1%          6    #####..
c - Bolt of Draining      Conj/Necr      ######....   1%          5    ####...
d - Fireball              Conj/Fire      ######....   1%          5    ####...
e - Conjure Flame         Conj/Fire      ######..     1%          3    None
f - Mephitic Cloud        Conj/Pois/Air  ######..     1%          3    None
g - Statue Form           Tmut/Erth      ######...    2%          6    #####..
i - Blink                 Tloc           N/A          1%          2    None
P - Call Imp              Summ           ######..     1%          2    None

Your spell library contained the following spells:

 Spells                   Type           Power        Failure   Level  Hunger
 Animate Skeleton         Necr           N/A          1%          1    None
 Corona                   Hex            ######.      1%          1    None
 Flame Tongue             Conj/Fire      #####        1%          1    None
 Freeze                   Ice            ####         1%          1    None
 Magic Dart               Conj           ####         1%          1    None
 Pain                     Necr           ####         1%          1    None
 Corpse Rot               Necr           N/A          1%          2    None
 Shroud of Golubria       Chrm/Tloc      ######       1%          2    None
 Slow                     Hex            ######..     1%          2    None
 Sublimation of Blood     Necr           ######....   1%          2    None
 Throw Flame              Conj/Fire      ######       1%          2    None
 Throw Frost              Conj/Ice       ######       1%          2    None
 Gell's Gravitas          Tloc           ######....   1%          3    None
 Inner Flame              Hex/Fire       ######..     1%          3    None
 Lesser Beckoning         Tloc           ######....   1%          3    None
 Ozocubu's Armour         Chrm/Ice       ######..     1%          3    None
 Portal Projectile        Hex/Tloc       ######       1%          3    None
 Recall                   Summ/Tloc      N/A          1%          3    None
 Regeneration             Chrm/Necr      ######....   1%          3    None
 Teleport Other           Tloc           ######..     1%          3    None
 Vampiric Draining        Necr           ######....   1%          3    None
 Animate Dead             Necr           N/A          1%          4    None
 Cause Fear               Hex            ######....   1%          4    None
 Leda's Liquefaction      Hex/Erth       ######....   1%          4    None
 Passage of Golubria      Tloc           N/A          1%          4    None
 Sticky Flame             Conj/Fire      ######..     1%          4    None
 Summon Ice Beast         Ice/Summ       ######..     1%          4    None
 Throw Icicle             Conj/Ice       ######..     1%          4    None
 Agony                    Necr           ######..     1%          5    ####...
 Aura of Abjuration       Summ           ######....   1%          5    ####...
 Bolt of Magma            Conj/Fire/Erth ######....   1%          5    ####...
 Dispel Undead            Necr           ######..     1%          5    ####...
 Excruciating Wounds      Chrm/Necr      ######....   1%          5    ####...
 Summon Demon             Summ           ######....   1%          5    ####...
 Summon Forest            Summ/Tloc      ######....   1%          5    ####...
 Summon Mana Viper        Hex/Summ       ######..     1%          5    ####...
 Shatter                  Erth           ######....   100%        9    #######


Dungeon Overview and Level Annotations

Branches:
Dungeon (15/15)            Temple (1/1) D:5            Lair (6/6) D:11
  Swamp (4/4) Lair:4       Spider (0/4) Lair:4        Slime (0/5) Lair:5
    Orc (0/2) D:12         Vaults (0/5) D:13         Depths (0/5) D:15
Volcano (visited)

Altars:
Ashenzari
Cheibriados
Dithmenos
Elyvilon
Fedhas
Gozag
Hepliaklqana
Kikubaaqudgha
Makhleb
Nemelex Xobeh
Okawaru
Qazlal
Ru
Sif Muna
Trog
Uskayaw
Wu Jian
Xom
Yredelemnul
Zin
The Shining One

Annotations:
D:2 Sigmund
D:11 exclusion: deep troll earth mage
D:13 2 transporters, exclusion: orange crystal statue
D:14 1 runed translucent door, Roxanne; Seufef's ghost, journeyman DrEE
Lair:2 exclusion: death yak
Lair:3 1 runed translucent door, EtherCrawl's ghost, journeyman GnWr
Swamp:2 2 transporters
Swamp:3 2 runed translucent doors, Riock's ghost, journeyman MiBe


Innate Abilities, Weirdness & Mutations

Your experience applies equally to all skills.
((You have very sharp teeth.))
Your uncanny sense of smell can sniff out nearby items.


Message History

The thorn hunter fires a volley of thorns at you.
The volley of thorns hits you!!
* * * LOW HITPOINT WARNING * * *
The thorn hunter fires a volley of thorns at you.
The volley of thorns reflects off an invisible shield around you!
The volley of thorns hits the thorn hunter!!
You puncture the briar patch!
The briar patch is severely damaged.
The thorn hunter fires a volley of thorns at you.
The volley of thorns reflects off an invisible shield around you!
The volley of thorns hits the thorn hunter!!!
You hit the briar patch.
The briar patch is almost destroyed.
The thorn hunter hits the briar patch.
The briar patch is destroyed!
You cannot move.
You hit the briar patch but do no damage.
The thorn hunter fires a volley of thorns at you.
The volley of thorns hits you!!
You die...

≈≈≈≈...≈≈≈≈.♣ ♣≈≈≈≈≈≈.≈♣..♣
≈≈≈.≈.≈.≈≈.♣♣ ♣.≈≈≈≈≈≈≈≈..♣
.♣♣...≈≈..♣♣♣ ♣♣.≈≈≈≈≈§.≈≈.♣
†..♣.≈≈..≈♣≈♣ ♣≈.§≈≈≈≈.♣.≈.♣♣♣♣
.[.†..♣♣♣..♣♣ ♣♣♣♣≈≈≈≈≈≈≈§♣≈.♣♣.≈
.≈..≈≈≈♣♣≈♣♣♣♣♣P♣≈≈≈≈§≈..♣♣♣♣.≈≈.
.....≈≈.♣..≈≈♣♣♣Pf≈...≈≈.♣♣♣....≈
..≈.≈)≈≈≈§≈≈.♣≈PP.PPP♣≈≈≈.≈♣≈..≈≈
≈≈≈≈≈...≈≈≈≈..≈P♣PPPP§≈≈....♣.♣≈.
♣♣≈≈..≈≈.≈≈...≈≈≈..≈≈.....≈.≈♣...
♣♣♣♣≈≈♣....≈.§≈≈≈§≈≈...≈≈§..D..≈
♣ ♣♣♣♣♣PP.≈≈≈≈≈≈≈≈....≈≈^.DD≈.≈ ♣
♣♣P.≈≈≈≈≈≈≈...≈≈≈..♣.DD♣k ♣
♣♣♣PPPPPP.≈.≈≈≈.♣##♣♣..≈ ♣
♣♣♣♣♣♣♣PPP.≈≈≈.≈♣# #♣♣≈
♣♣♣♣♣♣♣♣♣≈.≈♣♣♣.≈≈.≈.≈≈♣# *** #♣
♣♣≈≈≈≈.≈≈.≈≈.♣..≈≈..≈≈♣###.φ.####


You could see a thorn hunter.

Vanquished Creatures
  Rupert (D:15)
  Jorgrun (Swamp:3)
  A thorn hunter (Swamp:4)
  Kirke (D:13)
  Louise (D:14)
  A dire elephant (Lair:6)
  2 ettins
  Josephine (D:15)
  2 fire dragons (D:15)
  A shambling mangrove (Swamp:1)
  10 hydras
  2 catoblepae
  A vault guard (D:13)
  3 centaur warriors
  3 ghost crabs
  2 two-headed ogres
  14 alligators
  A deep troll shaman (Lair:6)
  A death knight (D:15)
  A deep troll earth mage (D:11)
  7 death yaks
  Urug (D:13)
  3 unseen horrors
  4 swamp dragons
  A spriggan druid (Swamp:4)
  A wizard (D:15)
  A wolf spider zombie (D:14)
  Pikel (D:6)
  2 phantasmal warriors
  A wolf spider (D:12)
  An ugly thing (D:13)
  2 cyclopes (D:15)
  15 elephants
  2 gargoyles (D:12)
  3 centaur zombies
  2 torpor snails
  6 black mambas
  Joseph (D:9)
  13 spiny frogs
  3 freezing wraiths (D:15)
  7 komodo dragons
  3 rime drakes
  A komodo dragon (shapeshifter) (D:13)
  An efreet (D:11)
  5 trolls
  2 hornets (Swamp:4)
  A meliai (D:11)
  A harpy skeleton (D:13)
  2 slime creatures (Lair:5)
  A tyrant leech (Swamp:3)
  4 bog bodies
  4 dream sheep (Lair:6)
  24 blink frogs
  7 hippogriffs
  2 wyverns
  A spriggan (Swamp:4)
  5 hogs (D:13)
  4 shadows
  38 yaks
  2 vampires
  4 wraiths (D:15)
  Grum (D:11)
  A basilisk (shapeshifter) (D:15)
  21 vampire mosquitoes
  4 basilisks
  A hungry ghost (D:13)
  A steam dragon (D:8)
  16 swamp worms
  9 insubstantial wisps
  10 water moccasins
  4 swamp drakes
  4 orc warriors
  14 porcupines
  6 black bears
  A phantom (D:7)
  8 ogres
  3 ice beasts
  A sky beast (D:15)
  25 wolves
  13 centaurs
  2 necrophages
  5 crocodiles
  A big kobold (D:14)
  24 bullfrogs
  A gnoll sergeant (D:10)
  7 scorpions
  A water moccasin skeleton (D:10)
  7 killer bees
  5 wights
  8 howler monkeys
  3 electric eels
  4 crimson imps
  2 quasits
  5 orc priests
  4 bullfrog skeletons
  9 hounds
  6 jellies
  5 orc wizards
  An iguana (D:6)
  4 centaur skeletons
  7 worker ants
  A killer bee zombie (D:10)
  5 worker ant zombies
  11 gnolls
  13 adders
  5 oozes (D:10)
  6 worms
  2 dart slugs
  5 leopard geckos
  34 orcs
  7 bats
  6 giant cockroaches
  14 goblins
  7 hobgoblins
  12 jackals
  4 quokkas
  4 frilled lizards
  A jackal skeleton (D:5)
  11 kobolds
  A leopard gecko skeleton (D:5)
  A quokka skeleton (D:9)
  9 rats
  A bush (Lair:6)
653 creatures vanquished.

Vanquished Creatures (collateral kills)
  Donald (Swamp:3)
  4 hydras (Swamp:4)
  A shambling mangrove (Swamp:4)
  2 swamp dragons (Swamp:4)
  A black mamba (Lair:3)
  4 spiny frogs (Swamp:4)
  A hornet (Swamp:4)
  A tyrant leech (Swamp:3)
  12 vampire mosquitoes
  A black bear (shapeshifter) (D:14)
  2 swamp drakes (Swamp:4)
  A phantom (D:2)
  2 bullfrogs
  A scorpion (D:7)
  A wyvern skeleton (D:6)
  A killer bee (D:9)
  A howler monkey (D:4)
  2 crimson imps (D:5)
  Ijyb (D:3)
  2 worker ants
  Robin (D:2)
  A gnoll (D:3)
  An adder (D:2)
  An ooze (D:6)
  4 worms
  2 orcs
  A ball python (D:3)
  A giant cockroach (D:3)
  3 goblins (D:2)
  5 hobgoblins
  A jackal (D:5)
  3 kobolds
  A bat (D:3)
  A frilled lizard (D:3)
  A rat (D:3)
  A plant (Lair:4)
70 creatures vanquished.

Vanquished Creatures (others)
  Sonja (D:13)
  A cyclops (D:13)
  A human (D:13)
  4 centaurs
  A wolf (D:11)
  An adder (D:6)
  2 orcs
  3 briar patches (Swamp:4)
  16 fungi
  14 plants
44 creatures vanquished.

Grand Total: 767 creatures vanquished

Notes
Turn   | Place    | Note
-------+----------+-------------------------------------------
     0 | D:1      | SeryemCrawl the Gnoll Wizard began the quest for the Orb.
     0 | D:1      | Reached XP level 1. HP: 13/13 MP: 8/8
     7 | D:1      | Noticed a komodo dragon
     7 | D:1      | Noticed a tyrant leech
     7 | D:1      | Noticed a worker ant
     8 | D:1      | Noticed a hell rat
     8 | D:1      | Noticed a frost giant
   144 | D:1      | Reached XP level 2. HP: 19/19 MP: 6/10
   148 | D:1      | Learned a level 2 spell: Call Imp
   151 | D:1      | Learned a level 2 spell: Blink
   687 | D:1      | Reached XP level 3. HP: 25/25 MP: 8/11
   756 | D:1      | Learned a level 3 spell: Conjure Flame
   760 | D:1      | Learned a level 3 spell: Mephitic Cloud
   989 | D:2      | Reached skill level 1 in Invocations
  1180 | D:2      | Reached skill level 1 in Fighting
  1180 | D:2      | Reached skill level 1 in Short Blades
  1180 | D:2      | Reached skill level 1 in Long Blades
  1180 | D:2      | Reached skill level 1 in Axes
  1180 | D:2      | Reached skill level 1 in Maces & Flails
  1180 | D:2      | Reached skill level 1 in Polearms
  1180 | D:2      | Reached skill level 1 in Staves
  1180 | D:2      | Reached skill level 1 in Slings
  1180 | D:2      | Reached skill level 1 in Bows
  1180 | D:2      | Reached skill level 1 in Crossbows
  1180 | D:2      | Reached skill level 1 in Throwing
  1180 | D:2      | Reached skill level 1 in Armour
  1180 | D:2      | Reached skill level 1 in Shields
  1180 | D:2      | Reached skill level 1 in Unarmed Combat
  1180 | D:2      | Reached skill level 1 in Evocations
  1255 | D:2      | Noticed Sigmund
  1266 | D:2      | Reached XP level 4. HP: 32/32 MP: 11/13
  1267 | D:2      | Found a basalt altar of Yredelemnul.
  1488 | D:2      | Found a white marble altar of Elyvilon.
  1490 | D:2      | Found a sparkling altar of Nemelex Xobeh.
  1548 | D:2      | Reached skill level 1 in Hexes
  1548 | D:2      | Reached skill level 1 in Charms
  1548 | D:2      | Reached skill level 1 in Necromancy
  1548 | D:2      | Reached skill level 1 in Transmutations
  1548 | D:2      | Reached skill level 1 in Fire Magic
  1548 | D:2      | Reached skill level 1 in Ice Magic
  1548 | D:2      | Reached skill level 1 in Air Magic
  1548 | D:2      | Reached skill level 1 in Earth Magic
  1548 | D:2      | Reached skill level 1 in Poison Magic
  1554 | D:2      | Found a shimmering blue altar of Sif Muna.
  1995 | D:2      | Reached XP level 5. HP: 32/37 MP: 10/14
  2076 | D:2      | Noticed Robin
  2126 | D:2      | Killed Robin
  2286 | D:2      | Found a sacrificial altar of Ru.
  2420 | D:3      | Noticed a phantom
  2557 | D:2      | Killed a phantom
  2653 | D:3      | Found a hazy altar of Hepliaklqana.
  2808 | D:3      | Noticed Ijyb
  2879 | D:3      | Killed Ijyb
  2879 | D:3      | Reached XP level 6. HP: 44/44 MP: 9/16
  3687 | D:3      | Found a glowing silver altar of Zin.
  3860 | D:4      | Got a sapphire-encrusted ring mail
  4316 | D:4      | You fall into a shaft and drop 3 floors!
  4330 | D:7      | Noticed a phantom
  4361 | D:7      | Reached skill level 5 in Dodging
  4444 | D:5      | Entered Level 5 of the Dungeon
  5161 | D:5      | Found a staircase to the Ecumenical Temple.
  5181 | Temple   | Entered the Ecumenical Temple
  5289 | Temple   | Became a worshipper of Ashenzari the Shackled
  5375 | D:5      | Reached XP level 7. HP: 45/50 MP: 18/18
  5380 | D:5      | Got the uncursed helmet of the Runes {rN+ MR+ Dex+3}
  5391 | D:5      | Identified the +3 helmet of the Runes {rN+ MR+ Dex+3} (You
                  | found it on level 5 of the Dungeon)
  5434 | D:5      | Found a blossoming altar of Fedhas.
  5435 | D:5      | Found a stormy altar of Qazlal.
  6253 | D:6      | Reached skill level 5 in Stealth
  6409 | D:6      | Reached XP level 8. HP: 57/57 MP: 12/19
  6589 | D:6      | Noticed Pikel
  6630 | D:6      | Killed Pikel
  6630 | D:6      | Reached skill level 8 in Spellcasting
  6645 | D:6      | Reached XP level 9. HP: 31/65 MP: 17/21
  7173 | D:6      | Found an iron altar of Okawaru.
  7719 | D:7      | Found a shadowy altar of Dithmenos.
  8026 | D:7      | Found an opulent altar of Gozag.
  8154 | D:8      | Noticed a two-headed ogre
  8164 | D:8      | Killed a two-headed ogre
  8164 | D:8      | Reached skill level 5 in Invocations
  8207 | D:8      | Reached XP level 10. HP: 66/73 MP: 7/22
  8614 | D:8      | Reached * piety under Ashenzari
  8759 | D:8      | Found a hide-covered altar of Uskayaw.
  9084 | D:9      | Reached skill level 5 in Fighting
  9084 | D:9      | Reached skill level 5 in Short Blades
  9084 | D:9      | Reached skill level 5 in Long Blades
  9084 | D:9      | Reached skill level 5 in Axes
  9084 | D:9      | Reached skill level 5 in Maces & Flails
  9084 | D:9      | Reached skill level 5 in Polearms
  9084 | D:9      | Reached skill level 5 in Staves
  9084 | D:9      | Reached skill level 5 in Slings
  9084 | D:9      | Reached skill level 5 in Bows
  9084 | D:9      | Reached skill level 5 in Crossbows
  9084 | D:9      | Reached skill level 5 in Throwing
  9084 | D:9      | Reached skill level 5 in Armour
  9084 | D:9      | Reached skill level 5 in Shields
  9084 | D:9      | Reached skill level 5 in Unarmed Combat
  9084 | D:9      | Reached skill level 5 in Evocations
  9609 | D:8      | Reached skill level 9 in Spellcasting
 10089 | D:9      | Noticed Joseph
 10414 | D:8      | Reached skill level 5 in Conjurations
 10414 | D:8      | Reached skill level 5 in Summonings
 10414 | D:8      | Reached skill level 5 in Translocations
 10573 | D:9      | Killed Joseph
 10612 | D:9      | Got the dagger of Disembowelment {pain, rF++ rN+ Str-5
                  | SInv}
 10724 | D:9      | Identified the +8 dagger of Disembowelment {pain, rF++ rN+
                  | Str-5 SInv} (You found it on level 9 of the Dungeon)
 10736 | D:10     | Entered Level 10 of the Dungeon
 11147 | D:10     | Reached XP level 11. HP: 68/81 MP: 24/24
 12003 | D:11     | Reached skill level 5 in Hexes
 12003 | D:11     | Reached skill level 5 in Charms
 12003 | D:11     | Reached skill level 5 in Necromancy
 12003 | D:11     | Reached skill level 5 in Transmutations
 12003 | D:11     | Reached skill level 5 in Fire Magic
 12003 | D:11     | Reached skill level 5 in Ice Magic
 12003 | D:11     | Reached skill level 5 in Air Magic
 12003 | D:11     | Reached skill level 5 in Earth Magic
 12003 | D:11     | Reached skill level 5 in Poison Magic
 12335 | D:11     | Noticed a two-headed ogre
 12336 | D:11     | Found a staircase to the Lair.
 12365 | D:11     | Killed a two-headed ogre
 12565 | D:11     | Noticed Grum
 12582 | D:11     | Killed Grum
 12632 | D:11     | Noticed a deep troll earth mage
 12988 | D:11     | Reached ** piety under Ashenzari
 13051 | Lair:1   | Entered Level 1 of the Lair of Beasts
 13113 | Lair:1   | Identified the cursed +1 ring mail of Sunlight {rF++ Str-4}
                  | (You found it on level 4 of the Dungeon)
 13118 | Lair:1   | Found a dark tunnel.
 13127 | Volcano  | Entered a volcano
 13618 | D:11     | Noticed an ettin
 13643 | D:11     | Killed a deep troll earth mage
 13850 | D:11     | Killed an ettin
 13850 | D:11     | Reached XP level 12. HP: 52/89 MP: 13/25
 14146 | D:11     | Noticed a shadow dragon
 14149 | D:11     | Noticed an iron dragon
 14149 | D:11     | a shadow dragon changed into an iron dragon
 14150 | D:11     | Noticed an iron giant
 14150 | D:11     | an iron dragon changed into an iron giant
 14255 | Lair:1   | Reached skill level 10 in Spellcasting
 15724 | Lair:2   | Found a shadowy altar of Dithmenos.
 15840 | Lair:2   | Noticed a death yak
 16127 | Lair:2   | Noticed a death yak
 16331 | Lair:2   | Noticed a death yak
 16430 | Lair:3   | Reached *** piety under Ashenzari
 17617 | Lair:3   | Reached XP level 13. HP: 37/98 MP: 13/27
 17882 | Lair:3   | Found a runed translucent door.
 17885 | Lair:3   | Identified the cursed +1 trident of Caihalyuxo {drain, rC+
                  | Int+4 Dex+3 Stlth+}
 17887 | Lair:3   | Noticed EtherCrawl's ghost (journeyman GnWr)
 18269 | Lair:4   | Identified a scroll of acquirement
 18279 | Lair:4   | Learned a level 5 spell: Bolt of Draining
 18372 | Lair:4   | Learned a level 5 spell: Fireball
 18413 | Lair:4   | Found a hole to the Spider Nest.
 19242 | Lair:4   | Found a staircase to the Swamp.
 20196 | Lair:5   | Reached **** piety under Ashenzari
 20677 | Lair:5   | Found a staircase to the Slime Pits.
 21551 | Lair:6   | Entered Level 6 of the Lair of Beasts
 21876 | Lair:5   | Reached skill level 11 in Spellcasting
 22391 | Lair:6   | Reached XP level 14. HP: 92/106 MP: 20/29
 23614 | Lair:6   | Reached skill level 10 in Dodging
 23921 | Lair:6   | Noticed a dire elephant
 23938 | Lair:6   | Killed a dire elephant
 25070 | D:11     | Noticed a golden dragon
 25070 | D:11     | an iron giant changed into a golden dragon
 25072 | D:11     | Noticed an acid blob
 25072 | D:11     | a golden dragon changed into an acid blob
 25077 | D:11     | Noticed a juggernaut
 25077 | D:11     | an acid blob changed into a juggernaut
 25081 | D:11     | Noticed a golden dragon
 25081 | D:11     | a juggernaut changed into a golden dragon
 25540 | D:12     | Reached skill level 10 in Stealth
 25673 | D:12     | Found a staircase to the Orcish Mines.
 26382 | D:12     | Learned a level 4 spell: Throw Icicle
 26426 | D:12     | Reached ***** piety under Ashenzari
 26637 | D:12     | Reached skill level 10 in Invocations
 27175 | D:13     | Noticed Urug
 27200 | D:13     | Killed Urug
 27365 | D:13     | Noticed Kirke
 27384 | D:13     | Noticed a sphinx
 27399 | D:13     | Killed Kirke
 27771 | D:13     | Noticed Sonja
 27793 | D:13     | Killed Sonja
 27886 | D:13     | Found a transporter.
 27894 | D:13     | Noticed a fire giant
 27938 | D:13     | Identified the amulet of Qeicupud {Harm *Drain rPois Str+4}
 27938 | D:13     | Found a transporter.
 28197 | D:13     | Found a gate to the Vaults.
 28920 | D:14     | Found a snail-covered altar of Cheibriados.
 28925 | D:14     | Noticed Louise
 28944 | D:14     | Killed Louise
 29374 | D:13     | Reached XP level 15. HP: 114/114 MP: 6/30
 29788 | D:14     | Identified Roxanne's Volume of Transmutation
 29788 | D:14     | Noticed Roxanne
 30205 | D:14     | Found a shadowy altar of Dithmenos.
 30303 | D:14     | Found a runed translucent door.
 30304 | D:14     | Identified the +6 spear of Checkmate {venom, *Rage +Fly rF+
                  | rC+++}
 30312 | D:14     | Noticed Seufef's ghost (journeyman DrEE)
 30519 | D:15     | Entered Level 15 of the Dungeon
 30958 | D:15     | Learned a level 6 spell: Statue Form
 30965 | D:15     | Learned a level 6 spell: Iron Shot
 31586 | D:15     | Noticed Rupert
 31921 | D:15     | Killed Rupert
 32317 | D:15     | Noticed Josephine
 32335 | D:15     | Killed Josephine
 32335 | D:15     | Reached skill level 12 in Spellcasting
 32588 | D:15     | Reached skill level 10 in Fighting
 32588 | D:15     | Reached skill level 10 in Short Blades
 32588 | D:15     | Reached skill level 10 in Long Blades
 32588 | D:15     | Reached skill level 10 in Axes
 32588 | D:15     | Reached skill level 10 in Maces & Flails
 32588 | D:15     | Reached skill level 10 in Polearms
 32588 | D:15     | Reached skill level 10 in Staves
 32588 | D:15     | Reached skill level 10 in Slings
 32588 | D:15     | Reached skill level 10 in Bows
 32588 | D:15     | Reached skill level 10 in Crossbows
 32588 | D:15     | Reached skill level 10 in Throwing
 32588 | D:15     | Reached skill level 10 in Armour
 32588 | D:15     | Reached skill level 10 in Shields
 32588 | D:15     | Reached skill level 10 in Unarmed Combat
 32588 | D:15     | Reached skill level 10 in Evocations
 32598 | D:15     | Found a staircase to the Depths.
 32906 | D:11     | Noticed an iron dragon
 32912 | D:11     | Noticed a golden dragon
 32912 | D:11     | an iron dragon changed into a golden dragon
 32919 | D:11     | Noticed a shadow dragon
 32919 | D:11     | a golden dragon changed into a shadow dragon
 33053 | Swamp:1  | Entered Level 1 of the Swamp
 35595 | Swamp:2  | Learned a level 6 spell: Shadow Creatures
 35635 | Swamp:2  | Found a transporter.
 35664 | Swamp:2  | Found a transporter.
 35683 | Swamp:2  | Identified the cursed +0 hat "Dybaijue" {rN+}
 36373 | Swamp:3  | Reached XP level 16. HP: 121/122 MP: 12/32
 36687 | Swamp:3  | Noticed Donald
 36703 | Swamp:3  | Killed Donald
 36879 | Swamp:3  | Found a large runed translucent door.
 36881 | Swamp:3  | Found a large runed translucent door.
 36882 | Swamp:3  | Noticed Riock's ghost (journeyman MiBe)
 36948 | Swamp:3  | Noticed Jorgrun
 36951 | Swamp:3  | Killed Jorgrun
 37054 | Swamp:3  | Identified the +6 dagger of Circularity {flame, *Noise
                  | +Blink Int+9 Stlth-}
 37361 | Swamp:3  | Identified the +7 chain mail of the Dropbear {Dex+4 Slay+3}
                  | (You found it on level 15 of the Dungeon)
 37381 | Swamp:4  | Entered Level 4 of the Swamp
 37794 | Swamp:4  | Noticed a thorn hunter
 37813 | Swamp:4  | Killed a thorn hunter
 38396 | Swamp:4  | Noticed a thorn hunter
 38865 | Swamp:4  | HP: 1/186 [thorn hunter/volley of thorns (23)]
 38868 | Swamp:4  | Killed from afar by a thorn hunter

Levels and vault maps discovered:
D:1:      onia_arrival_zoo_common, layout_rooms, grunt_decor_clamped
D:2:      minmay_alternating_diamond, layout_loops_ring,
          nicolae_overflow_hidden_temple, grunt_temple_overflow_open,
          first_ration, kennysheep_generic_room_5, uniq_sigmund, uniq_robin
D:3:      minmay_general_purpose_star, layout_rooms, zin_treasury,
          lemuel_crystal_altar, uniq_ijyb
D:4:      layout_basic, minmay_misc_feat_room, bh_walls_and_bars
D:5:      layout_loops_ring, grunt_temple_overflow_forces_of_nature,
          temple_statues, grunt_ministairs_12
D:6:      layout_cave_pools, minmay_ruined_shrine, uniq_pikel
D:7:      layout_loops_ring, lemuel_round_altar,
          nicolae_gozag_cash_rules_everything_around_me
D:8:      layout_loops_ring, eat_drink_and_be_merry_uskayaw
D:9:      layout_cross, uniq_joseph
D:10:     layout_roguey, hangedman_little_slice_of_home
D:11:     minmay_glassy_protrusions, layout_irregular_city,
          due_lair_maze_entry_diamond, uniq_grum
D:12:     minmay_opposing_rooms, layout_stronghold, orc_0_dummy
D:13:     gammafunk_sealed_arena, layout_basic, david_vaults_4, uniq_sonja,
          uniq_urug, uniq_kirke
D:14:     layout_cave_pools, cheibriados_altar_1, ebering_ghost_funeral_grove,
          serial_bayou_pond_b, grunt_dithmenos_shadows, uniq_roxanne,
          uniq_louise
D:15:     grunt_enter_depths_hoard, layout_basic, chequers_garden,
          hangedman_decor_slide_cut, uniq_josephine, uniq_rupert
Temple:   nicolae_temple_figure_zero
Lair:1:   layout_chaotic_city, nicolae_volcano_entry_hallway
Lair:2:   layout_hall_layers, basic_altar
Lair:3:   layout_cave_shapes, ebering_ghost_funeral_grove, beast_lair_carwin_7
Lair:4:   layout_layer_cave, swamp_mist, nicolae_spider_entry_non_spiders,
          grunt_forest_large_clearing_hut
Lair:5:   layout_layer_cave, minmay_slime_entry_pillars, columned_hall_lemuel,
          beast_lair_carwin_10, infiniplex_staircase_pool_2, grunt_megastairs_3
Lair:6:   grunt_lair_end_beastmaster, layout_regular_city, serial_bayou_lagoon_b
Swamp:1:  layout_basic_swamp, serial_swamp_ruin, evilmike_swamp_ruin_house_6,
          evilmike_swamp_ruin_house_1
Swamp:2:  gammafunk_the_bubble [the_bubble_gammafunk_split], layout_basic_swamp,
          hangedman_swamp_lotus
Swamp:3:  layout_falls_marsh, ebering_ghost_disaster_area,
          evilmike_swamp_ruin_house_4, uniq_jorgrun, uniq_donald
Swamp:4:  swamp, layout_basic_swamp, swamp_pool1

Skill      XL: |  1  2  3  4  5  6  7  8  9 10 11 12 13 14 15 16 |
---------------+-------------------------------------------------+-----
Conjurations   | 2 3 4 5 6 7 8 9 |  9.3
Summonings     | 2 3 4 5 6 7 8 9 |  9.3
Translocations | 2 3 4 5 6 7 8 9 |  9.3
Invocations    | 1 2 3 4 5 6 7 8 9 10 11 | 11.6
Fighting       | 1 2 3 4 5 6 7 8 9 10 | 10.7
Short Blades   | 1 2 3 4 5 6 7 8 9 10 | 10.7
Long Blades    | 1 2 3 4 5 6 7 8 9 10 | 10.7
Axes           | 1 2 3 4 5 6 7 8 9 10 | 10.7
Maces & Flails | 1 2 3 4 5 6 7 8 9 10 | 10.7
Polearms       | 1 2 3 4 5 6 7 8 9 10 | 10.7
Staves         | 1 2 3 4 5 6 7 8 9 10 | 10.7
Slings         | 1 2 3 4 5 6 7 8 9 10 | 10.7
Bows           | 1 2 3 4 5 6 7 8 9 10 | 10.7
Crossbows      | 1 2 3 4 5 6 7 8 9 10 | 10.7
Throwing       | 1 2 3 4 5 6 7 8 9 10 | 10.7
Armour         | 1 2 3 4 5 6 7 8 9 10 | 10.7
Shields        | 1 2 3 4 5 6 7 8 9 10 | 10.7
Unarmed Combat | 1 2 3 4 5 6 7 8 9 10 | 10.7
Evocations     | 1 2 3 4 5 6 7 8 9 10 | 10.7
Hexes          | 1 2 3 4 5 6 7 8 9 |  9.1
Charms         | 1 2 3 4 5 6 7 8 9 |  9.1
Necromancy     | 1 2 3 4 5 6 7 8 9 |  9.1
Transmutations | 1 2 3 4 5 6 7 8 9 |  9.1
Fire Magic     | 1 2 3 4 5 6 7 8 9 |  9.1
Ice Magic      | 1 2 3 4 5 6 7 8 9 |  9.1
Air Magic      | 1 2 3 4 5 6 7 8 9 |  9.1
Earth Magic    | 1 2 3 4 5 6 7 8 9 |  9.1
Poison Magic   | 1 2 3 4 5 6 7 8 9 |  9.1
Dodging        | 5 6 7 8 9 10 11 | 11.5
Stealth        | 5 6 7 8 9 10 11 | 11.4
Spellcasting   | 8 9 10 11 12 | 12.5

Action                   |  1- 3 |  4- 6 |  7- 9 | 10-12 | 13-15 | 16-18 || total
-------------------------+-------+-------+-------+-------+-------+-------++-------
Melee: Dagger            |     1 |     9 |       |   234 |  1382 |   310 ||  1936
       Spear             |       |    53 |   259 |   641 |       |       ||   953
       Bite              |       |     5 |    14 |    65 |   201 |    28 ||   313
       Punch             |       |       |     1 |       |       |       ||     1
 Cast: Magic Dart        |    69 |   134 |    72 |   321 |    82 |       ||   678
       Call Imp          |     6 |    33 |    15 |    26 |    11 |       ||    91
       Mephitic Cloud    |       |     4 |     5 |    31 |    40 |       ||    80
       Conjure Flame     |       |     2 |    26 |    43 |    23 |       ||    94
       Blink             |       |       |       |    22 |    21 |       ||    43
       Bolt of Draining  |       |       |       |       |    85 |       ||    85
       Fireball          |       |       |       |       |    24 |       ||    24
       Throw Icicle      |       |       |       |       |    68 |       ||    68
       Iron Shot         |       |       |       |       |    40 |       ||    40
       Shadow Creatures  |       |       |       |       |     7 |    21 ||    28
       Statue Form       |       |       |       |       |     3 |    10 ||    13
Invok: Curse Item        |       |       |       |     2 |     5 |       ||     7
Evoke: Wand              |       |       |       |     2 |       |       ||     2
  Use: Scroll            |       |    11 |     1 |     7 |    21 |     4 ||    44
       Potion            |       |       |       |     2 |     7 |     4 ||    13
 Stab: Sleeping          |     1 |       |       |     7 |    26 |     4 ||    38
       Confused          |       |       |     4 |    27 |    31 |     1 ||    63
       Distracted        |       |       |       |     3 |     2 |     5 ||    10
  Eat: Chunk             |     1 |    12 |     8 |    25 |    51 |     6 ||   103
       Ration            |       |       |       |     2 |    12 |     4 ||    18
Armor: Leather armour    |       |    16 |    42 |     5 |       |       ||    63
       Robe              |       |     1 |       |       |       |       ||     1
       Steam dragon scal |       |       |       |    97 |   184 |       ||   281
       Ring mail         |       |       |       |    41 |    59 |    31 ||   131
       Skin              |       |       |       |       |    14 |   167 ||   181
Dodge: Dodged            |    10 |    68 |    68 |   304 |   503 |   372 ||  1325
Block: Shield            |       |       |    17 |   466 |   842 |   406 ||  1731
       Reflection        |       |       |       |    12 |    31 |     6 ||    49
